 Dungeon Crawl Stone Soup version 0.27-a0-1140-g099f9bb0e8 (webtiles) character file.

Game seed: 5057425240550815221

42 sanka the Sneak (level 3, -2/30 HPs)
             Began as a Djinni Delver on May 9, 2021.
             Was an Initiate of Makhleb.
             Slain by an iguana (6 damage)
             ... on level 4 of the Dungeon.
             The game lasted 00:02:48 (1300 turns).

sanka the Sneak (Djinni Delver)                     Turns: 1300, Time: 00:02:49

Health: -2/30      AC:  3    Str: 11    XL:     3   Next: 56%
Gold:   17         EV: 12    Int: 12    God:    Makhleb [......] SH:  0 Dex: 14

rFire    + + .     SeeInvis .   a - +0 falchion
rCold    x . .     Faith    .   (no shield)
rNeg     . . .     Spirit   .   b - +0 leather armour
rPois    ∞         Reflect  .   (no helmet)
rElec    .         Harm     .   (no cloak)
rCorr    .         Rampage  .   (no gloves)
Will     .....                  (boots unavailable)
Stlth    ++........             (no amulet)
HPRegen  0.10/turn              (no ring)
MPRegen  0.00/turn              (no ring)

@: flying, very slightly contaminated
A: sickness immunity, fire resistance 2, cold vulnerability 1, float, innate
caster, hp casting, extra vitality 1
a: Renounce Religion


You were on level 4 of the Dungeon.
You worshipped Makhleb.
Makhleb was noncommittal.
You visited 2 branches of the dungeon, and saw 4 of its levels.

You collected 17 gold pieces.


Innate Abilities, Weirdness & Mutations

You are immune to sickness and miasma.
You are immune to poison.
Your flesh is very heat resistant. (rF++)
You are vulnerable to cold. (rC-)
You float through the air rather than walking.
You learn spells naturally, not from books.
Your magical power is your life essence.
You have superior vitality. (+4 HP)


   Skills:
 + Level 3.4 Fighting
 + Level 2.3 Long Blades
 + Level 2.9 Dodging
 - Level 4.1 Stealth
 + Level 0.6 Spellcasting


You had 2 spell levels left.
You knew the following spells:

 Your Spells              Type           Power      Damage    Failure   Level
z - Summon Small Mammal   Summ           8%         N/A       30%         1
Your spell library was empty.

Inventory:

Hand Weapons
 a - a +0 falchion (weapon)
Armour
 b - a +0 leather armour (worn)
Wands
 g - a wand of digging (3)
Scrolls
 c - 2 scrolls of fog
 d - a scroll of magic mapping
 j - a scroll of teleportation {unknown}
 l - a scroll of torment {unknown}
Potions
 f - a potion of haste {@q3}
 h - a potion of magic {unknown}
 i - a potion of cancellation {unknown}
 k - a potion of mutation {unknown}

Dungeon Overview and Level Annotations

Branches:
Dungeon (5/15)             Temple (1/1) D:5

Altars:
Ashenzari
Cheibriados
Elyvilon
Fedhas
Gozag
Hepliaklqana
Kikubaaqudgha
Makhleb
Okawaru
Qazlal
Ru
Uskayaw
Vehumet
Xom

Annotations:
D:5 exclusions: black bear and jelly, Edmund, Grinder

▒.. .▒ £.. .▒ ▒.£ .▒ ▒
▒▒'▒▒ .▒ ▒ ▒▒...▒▒ .▒ ▒▒▒
▒▒..b..▒▒ ▒▒▒▒.▒ ..
▒▒....)..▒▒ ▒....▒ ▒▒▒▒▒
▒.......l.▒▒▒▒...▒▒▒▒▒....
+.......SR'...............
▒.........▒..▒....▒▒▒▒.▒▒▒
▒▒.......▒▒..▒....▒ ▒.▒ ▒
▒▒▒.....▒▒▒..▒.▒..▒ ▒.▒ ▒
..▒▒...▒▒ ▒..▒....▒ ▒.▒▒▒
▒. ▒▒'▒▒ ▒.......▒ ▒....
▒. ▒.▒ ▒▒.▒▒..▒▒ ▒▒▒▒▒
▒▒▒▒.▒ ▒.▒ ▒.▒▒..▒
.£...▒▒.▒▒ ▒.....▒


You could see an iguana (ally target), an adder and a friendly bat (summoned).


Message History

The adder barely misses you. The iguana bites you!
* * * LOW HITPOINT WARNING * * *
Your bat hits the iguana but does no damage.
Your rat misses the adder.
Your bat closely misses the iguana.
The adder barely misses you.
Your rat barely misses the iguana.
You barely miss the adder. Your bat hits the iguana.
Your bat hits the iguana but does no damage.
The iguana bites your rat!
Your rat dies!
The adder misses you.
Unknown command.
Your bat barely misses the iguana.
The adder bites you.
* * * LOW HITPOINT WARNING * * *
Your bat closely misses the adder.
The adder barely misses you.
You riposte.
You barely miss the adder.
Your bat closely misses the adder.
You reach down and open the door.
Your bat hits the iguana but does no damage.
The adder closely misses you.
You riposte.
You barely miss the adder. The iguana bites you.
You die...

Action                   || total
-------------------------++-------
Melee: Falchion          ||    25
 Cast: Summon Small Mamm ||     3
  Use: Scroll            ||     1
Armor: Leather armour    ||     5
Dodge: Dodged            ||    32
       Rpst.: Falchion   ||    14

Levels and vault maps discovered:
D:3:      layout_rooms, nrook_mini_backslash, uniq_robin
D:4:      layout_loops_corners, trog_three_pillars_becter
D:5:      layout_cave_pools, evilmike_ruin_ashenzari,
          gammafunk_temple_overflow_arena, grunt_temple_overflow_open,
          minmay_temple_entry_waves, uniq_grinder, uniq_edmund
Temple:   nicolae_temple_figure_eight

Notes
Turn   | Place    | Note
-------+----------+-------------------------------------------
     0 | D:5      | sanka the Djinni Delver began the quest for the Orb.
     0 | D:5      | Reached XP level 1. HP: 20/20 MP: 0/0
    24 | D:5      | Reached skill level 2 in Long Blades
    24 | D:5      | Reached XP level 2. HP: 7/25 MP: 0/0
   263 | D:5      | Found a staircase to the Ecumenical Temple.
   273 | Temple   | Entered the Ecumenical Temple
   497 | Temple   | Became a worshipper of Makhleb the Destroyer
   589 | D:5      | Found a broken altar of Ashenzari.
   623 | D:5      | Noticed a black bear
   625 | D:5      | Noticed Grinder
   677 | D:5      | Noticed Edmund
  1212 | D:4      | Reached XP level 3. HP: 16/30 MP: 0/0
  1212 | D:4      | Learned a level 1 spell: Summon Small Mammal
  1300 | D:4      | Slain by an iguana

Vanquished Creatures
  A hound (D:4)
  An adder (D:5)
  An orc (D:4)
  A giant cockroach (D:4)
  A goblin (D:4)
5 creatures vanquished.
